 Dungeon Crawl Stone Soup version 0.31-a0-355-g57cb03d3e8 (webtiles) character file.

Game seed: 3881341123452205804

1436 randomguy2701 the Cleaver (level 8, -1/74 HPs)
             Began as a Hill Orc Monk on July 24, 2023.
             Was a Believer of Beogh.
             Slain by a killer bee (3 damage)
             ... on level 11 of the Dungeon.
             The game lasted 00:14:28 (5961 turns).

randomguy2701 the Cleaver (Hill Orc Monk)           Turns: 5961, Time: 00:14:28

Health: -1/74      AC: 12    Str: 16    XL:     8   Next: 73%
Magic:  8/8        EV:  5    Int: 10    God:    Beogh [**....]
Gold:   329        SH:  0    Dex: 13    Spells: 7/7 levels left

rFire   . . .        a - +0 hand axe
rCold   . . .        (no shield)
rNeg    . . .        v - +0 plate armour
rPois   .            (no helmet)
rElec   .            (no cloak)
rCorr   .            (no gloves)
SInv    .            (no boots)
Will    .....        m - amulet of regeneration Stlth
                     (no ring)
HPRegen 1.12/turn    (no ring)
MPRegen 0.11/turn

%: no passive effects
@: confused, lethally poisoned (-1 -> -10), ambrosia-drunk
A: no striking features
a: Renounce Religion, Smiting


You were on level 11 of the Dungeon.
You worshipped Beogh.
Beogh was pleased with you.
You visited 1 branch of the dungeon, and saw 10 of its levels.

You collected 329 gold pieces.

Inventory:

Hand Weapons
 a - a +0 hand axe (weapon)
Armour
 b - a +0 robe
 d - an orb of light
 j - a +0 ring mail
 v - a +0 plate armour (worn)
Jewellery
 m - an amulet of regeneration (around neck)
Wands
 t - a wand of roots (17)
 w - a wand of charming (11)
Scrolls
 e - 7 scrolls of identify {unknown}
 g - 3 scrolls of poison {unknown}
 h - a scroll of immolation {unknown}
 k - 2 scrolls of enchant weapon {unknown}
 n - 3 scrolls of teleportation {unknown}
 p - a scroll of amnesia {unknown}
 r - 2 scrolls of fog {unknown}
 u - 4 scrolls of blinking {unknown}
 x - a scroll of vulnerability {unknown}
Potions
 c - 2 potions of ambrosia
 f - 3 potions of invisibility {unknown}
 i - a potion of cancellation {unknown}
 l - 3 potions of curing {unknown}
 o - a potion of lignification {unknown}
 q - a potion of degeneration {unknown}
 s - a potion of brilliance {unknown}


   Skills:
 * Level 7.8 Fighting
 - Level 10.0 Axes
 + Level 5.6 Armour
 - Level 2.4 Dodging


You had 7 spell levels left.
You didn't know any spells.
Your spell library was empty.

Dungeon Overview and Level Annotations

Branches:
Dungeon (11/15)
 Temple: D:4-7         Lair: D:8-11         Orc: D:9-12

Altars:
Ashenzari
Makhleb
Nemelex Xobeh
Okawaru
Wu Jian

Shops:
D:3 :

Portals:
Abyss: D:4

Annotations:
D:4 2 transporters, Tollund's ghost, amateur KoBr


Message History

* * * LOW HITPOINT WARNING * * *
An orc and an orc priest come into view.
* * * LOW HITPOINT WARNING * * *
You feel very sick.
The orc shouts!
The orc priest shouts!
The killer bee stings you but does no damage.
The orc wizard casts a spell at you.
The magic dart hits you but does no damage.
The killer bee stings you.
* * * LOW HITPOINT WARNING * * *
You closely miss the killer bee.
The killer bee is lightly wounded.
You completely miss the killer bee.
* * * LOW HITPOINT WARNING * * *
You feel very sick.
The killer bee stings you but does no damage.
You miss the killer bee.
The killer bee is lightly wounded.
You hit the killer bee. x2
You feel very sick. The killer bee stings you.
* * * LOW HITPOINT WARNING * * *
The killer bee barely misses you.
The killer bee stings you but does no damage.
The killer bee stings you.
* * * LOW HITPOINT WARNING * * *
The killer bee stings you.
* * * LOW HITPOINT WARNING * * *
You are more poisoned.
The killer bee poisons you!
The killer bee stings you but does no damage.
You closely miss the killer bee.
The killer bee is moderately wounded.
You closely miss the killer bee. You barely miss the killer bee.
You hit the orc wizard.
* * * LOW HITPOINT WARNING * * *
You feel very sick.
The killer bee stings you but does no damage.
The killer bee stings you.
You die...

########+####
...o..o@y...#
.......yy....#
...o$......?.#
.............#
.............#
.............#
.............$.
##+###########.


You could see 3 killer bees, an orc priest, an orc wizard and an orc.

Vanquished Creatures
  2 ice beasts
  Pargi (D:3)
  An orc warrior (D:7)
  A black bear (D:5)
  A kobold brigand (D:8)
  3 bullfrogs
  2 scorpions
  A howler monkey (D:5)
  2 jellies
  Ijyb (D:3)
  An orc wizard (D:3)
  12 gnolls
  13 adders
  2 white imps
  3 ufetubi
  A worm (D:4)
  2 dart slugs (D:1)
  8 orcs
  6 bats
  6 endoplasms
  3 giant cockroaches
  5 hobgoblins
  10 jackals
  15 kobolds
  2 quokkas
  7 ball pythons
  6 frilled lizards
  8 goblins
  3 rats (D:1)
128 creatures vanquished.

Vanquished Creatures (collateral kills)
  A phantom (D:5)
  An orc wizard (D:10)
  An orc (D:10)
3 creatures vanquished.

Vanquished Creatures (others)
  An iguana (D:5)
  2 orc wizards
3 creatures vanquished.

Grand Total: 134 creatures vanquished

Notes
Turn   | Place    | Note
-------+----------+-------------------------------------------
     0 | D:1      | randomguy2701 the Hill Orc Monk began the quest for the
                  | Orb.
     0 | D:1      | Reached XP level 1. HP: 19/19 MP: 1/1
   116 | D:1      | Reached XP level 2. HP: 25/27 MP: 2/2
   296 | D:1      | Reached skill level 1 in Armour
   433 | D:1      | Reached XP level 3. HP: 21/33 MP: 3/3
   640 | D:1      | Reached skill level 5 in Axes
  1059 | D:2      | Reached XP level 4. HP: 40/40 MP: 4/4
  1825 | D:3      | Noticed Pargi
  1941 | D:5      | Entered Level 5 of the Dungeon
  2078 | D:4      | Reached XP level 5. HP: 10/47 MP: 5/5
  2254 | D:4      | Reached skill level 6 in Axes
  2715 | D:4      | Reached skill level 5 in Fighting
  2715 | D:4      | Reached XP level 6. HP: 54/56 MP: 6/6
  2722 | D:4      | Found a transporter.
  2741 | D:4      | Found a one-way gate to the infinite horrors of the Abyss.
  2741 | D:4      | Noticed Tollund's ghost (amateur KoBr)
  2743 | D:4      | Noticed a toenail golem
  2764 | D:4      | Found a transporter.
  2781 | D:4      | Reached skill level 7 in Axes
  3408 | D:3      | Killed Pargi
  3508 | D:3      | Reached XP level 7. HP: 58/61 MP: 7/7
  3528 | D:3      | Noticed Ijyb
  3681 | D:3      | Killed Ijyb
  3971 | D:3      | Found Hisu's Book Emporium.
  4202 | D:3      | Reached skill level 8 in Axes
  4582 | D:5      | Found an iron altar of Okawaru.
  4849 | D:5      | Reached skill level 9 in Axes
  4893 | D:5      | Reached XP level 8. HP: 68/71 MP: 8/8
  5028 | D:5      | You fall into a shaft and drop 3 floors!
  5255 | D:7      | Found an ornate altar of the Wu Jian Council.
  5255 | D:7      | Found a burning altar of Makhleb.
  5316 | D:7      | Reached skill level 5 in Armour
  5324 | D:7      | Found a broken altar of Ashenzari.
  5326 | D:7      | Found a sparkling altar of Nemelex Xobeh.
  5431 | D:7      | Reached skill level 10 in Axes
  5475 | D:7      | Noticed a hornet
  5513 | D:8      | Became a worshipper of Beogh the Brigand
  5513 | D:8      | Reached * piety under Beogh
  5513 | D:8      | Reached ** piety under Beogh
  5823 | D:8      | Noticed a wyvern
  5904 | D:9      | Noticed a wraith
  5912 | D:10     | Entered Level 10 of the Dungeon
  5960 | D:11     | HP: 3/74 [killer bee (3)]
  5961 | D:11     | Slain by a killer bee

Illustrated notes

Levels and vault maps discovered:
D:1:      dpeg_arrival_triangle_fractal, layout_basic, minmay_domino_4
D:2:      layout_loops_corners, grunt_decor_junction
D:3:      mumra_celtic_spiral_tile, layout_rooms, serial_shops, shop_fountains,
          minmay_fountain_box, serial_bayou_ford_a, saegor_snake_ambush,
          uniq_pargi, uniq_ijyb
D:4:      layout_cave_pools, gammafunk_ghost_abyssal_escape,
          cheibrodos_sewer_entry_bend, kennysheep_cluttered_room
D:5:      layout_basic, mainiacjoe_overflow_alcove_2, kennysheep_cross_room
D:7:      layout_rooms, gammafunk_temple_overflow_pools,
          nicolae_overflow_two_pavilions, temple_statues
D:8:      layout_basic
D:9:      layout_roguey, mainiacjoe_overflow_concentric_impassable,
          lemuel_round_altar, kennysheep_mini, grunt_decor_mini_mirrors,
          uniq_maurice
D:10:     layout_cave_pools, mainiacjoe_overflow_boulevard, cheibriados_altar_1,
          serial_bayou_pond_d
D:11:     layout_roguey, erik_lair_orcish_takeover, orc_0_dummy, uniq_psyche

Skill      XL: |  1  2  3  4  5  6  7  8 |
---------------+-------------------------+-----
Armour         | 1 2 3 4 5 |  5.6
Fighting       | 4 5 6 7 |  7.8
Axes           | 5 6 7 9 10 | 10.0
Dodging        | |  2.4

Action                     |  1- 3 |  4- 6 |  7- 9 || total
---------------------------+-------+-------+-------++-------
  Melee: Hand axe          |    94 |   172 |   273 ||   539
         Punch             |       |       |     2 ||     2
 Invoke: Convert to Beogh  |       |       |     1 ||     1
  Evoke: Wand              |       |       |     3 ||     3
    Use: Potion            |       |       |     1 ||     1
 Armour: Robe              |     7 |       |       ||     7
         Ring mail         |    20 |    70 |    43 ||   133
         Plate armour      |       |       |    88 ||    88
  Dodge: Dodged            |    66 |   116 |   124 ||   306

Table legend: (Time is in decaauts)
 A = Elapsed time spent in this place.
 B = Non-inter-level travel time spent in this place.
 C = Inter-level travel time spent in this place.
 D = Time resting spent in this place.
 E = Time spent auto-exploring this place.
 F = Levels seen in this place.
 G = Mean time per level.
                   A        B        C        D        E       F      G
               +--------+--------+--------+--------+--------+-----+--------+
         Total |   5976 |   5772 |    204 |    799 |   3621 |  10 |  597.6 |
       Dungeon |   5976 |   5772 |    204 |    799 |   3621 |  10 |  597.6 |
               +--------+--------+--------+--------+--------+-----+--------+

Top non-repeatable levels by time:
     D:4: 1254 daAuts
     D:3: 998 daAuts
     D:1: 945 daAuts
     D:5: 945 daAuts
     D:2: 923 daAuts
     D:8: 472 daAuts
     D:7: 380 daAuts
    D:10: 41 daAuts
     D:9: 8 daAuts
    D:11: 5 daAuts
